 Dungeon Crawl Stone Soup version 0.20.0-15-g7f486f2 (webtiles) character file.

2284 Azzok the Fighter (level 9, -3/82 (84) HPs)
             Began as a Centaur Fighter on June 19, 2017.
             Was a Priest of Okawaru.
             Slain by a two-headed ogre
             ... wielding a +0 giant club
              (4 damage)
             ... on level 8 of the Dungeon.
             The game lasted 00:14:06 (8612 turns).

Azzok the Fighter (Centaur Fighter)                 Turns: 8612, Time: 00:14:07

HP:   -3/82 (84)    AC: 12    Str: 21    XL:     9   Next: 17%
MP:   10/12         EV:  8    Int:  9    God:    Okawaru [***...]
Gold: 425           SH: 10    Dex: 10    Spells: 8/8 levels left

rFire    x . .     SeeInvis .   a - +0 war axe
rCold    + + .     Gourm    .   c - +0 shield
rNeg     . . .     Faith    .   t - +0 ice dragon scales
rPois    +         Spirit   .   w - +0 helmet
rElec    +         Reflect  .   x - scarf {cloud immunity}
rCorr    .         Harm     .   (no gloves)
MR       .....                  (no barding)
Stlth    +.........             (no amulet)
Regen    0.3/turn               D - ring of Dithmenos's Generosity {*Corrode +Inv rElec AC+1 Int+2}
MPRegen  0.2/turn               N - ring of poison resistance

@: heroism, very quick
A: hooves 3, deformed body, speed 2, tough skin 3
a: Heroism, Renounce Religion, Evoke Invisibility


You were on level 8 of the Dungeon.
You worshipped Okawaru.
Okawaru was most pleased with you.
You were hungry.

You visited 1 branch of the dungeon, and saw 8 of its levels.

You collected 425 gold pieces.

Inventory:

Hand Weapons
 a - a +0 war axe (weapon)
 F - a +0 shortbow
 K - a +0 rapier of venom
Missiles
 p - 96 arrows
Armour
 c - a +0 shield (worn)
 t - +0 ice dragon scales (worn)
 w - a +0 helmet (worn)
 x - a scarf of cloud immunity (worn)
Jewellery
 D - the ring of Dithmenos's Generosity (left hand) {*Corrode +Inv rElec AC+1 Int+2}
   (You found it on level 5 of the Dungeon)

   [ring of protection]

   It affects your AC (+1).
   It affects your intelligence (+2).
   It insulates you from electricity.
   It lets you turn invisible.
   It may corrode you when you take damage.
 N - a ring of poison resistance (right hand)
Wands
 b - a wand of digging (13/24)
 L - a wand of flame (16/48)
Scrolls
 e - 8 scrolls of teleportation {unknown}
 h - 6 scrolls of identify {unknown}
 i - a scroll of amnesia {unknown}
 n - a scroll of recharging {unknown}
 q - a scroll of fear {unknown}
 r - 5 scrolls of remove curse {unknown}
 u - a scroll of enchant weapon {unknown}
 y - a scroll of enchant armour {unknown}
 A - a scroll of noise {unknown}
 B - a scroll of magic mapping {unknown}
 G - 3 scrolls of immolation {unknown}
 H - a scroll of random uselessness {unknown}
 J - a scroll of blinking {unknown}
Potions
 d - 3 potions of might
 g - 2 potions of cancellation {unknown}
 k - a potion of invisibility {unknown}
 l - 4 potions of lignification {unknown}
 o - 3 potions of curing
 s - 2 potions of agility {unknown}
 v - a potion of ambrosia {unknown}
 z - a potion of haste {unknown}
 E - a potion of heal wounds {unknown}
 I - 2 potions of experience {unknown}
 M - a potion of degeneration {unknown}
Comestibles
 f - 4 bread rations
 j - 4 fruits
 m - 6 royal jellies
 C - a meat ration


   Skills:
 + Level 9.4(14.4) Fighting
 + Level 5.3(10.3) Axes
 + Level 5.1(10.1) Bows
 - Level 2.1(7.1) Armour
 - Level 2.1(7.1) Shields
 + Level 5.0 Invocations


You had 8 spell levels left.
You didn't know any spells.

Dungeon Overview and Level Annotations

Branches:
Dungeon (8/15)             Temple (0/1) D:5
   Lair: D:8-11

Altars:
Cheibriados
Elyvilon
Fedhas
Hepliaklqana
Makhleb
Nemelex Xobeh
Okawaru
Qazlal
Sif Muna
Yredelemnul
The Shining One

Shops:
D:4 [

Annotations:
D:6 1 runed door


Innate Abilities, Weirdness & Mutations

You have hooves in place of feet.
Armour fits poorly on your strangely shaped body.
You cover ground very quickly.
You have extremely tough skin. (AC +3)


Message History

The two-headed ogre hits you but does no damage.
The orc moves out of view.
You hit the two-headed ogre.
You kick the two-headed ogre, but do no damage.
The two-headed ogre is almost dead.
The two-headed ogre hits you with a giant club!
The two-headed ogre hits you with a giant spiked club!!
* * * LOW HITPOINT WARNING * * *
An orc wizard comes into view. It is wielding a dagger.
You gain the combat prowess of a mighty hero.
The two-headed ogre hits you with a giant club!
* * * LOW HITPOINT WARNING * * *
You block the two-headed ogre's attack.
You hit the two-headed ogre but do no damage.
You kick the two-headed ogre, but do no damage.
The two-headed ogre is almost dead.
The two-headed ogre hits you with a giant club!
* * * LOW HITPOINT WARNING * * *
The two-headed ogre hits you with a giant spiked club.
You die...

·····▒
·h····
··o··!
····▒ ·o··
▒h·
▒>▒▒▒·o▒▒▒
······hO@▒
··▒▒▒▒▒▒▒▒


You could see a two-headed ogre, an orc wizard, 2 orcs and 3 jackals.

Vanquished Creatures
  Grinder (D:4)
  The ghost of blackwizard the Shield-Bearer, an amateur TrFi (D:7)
  Duvessa (D:6)
  An orc warrior (D:7)
  A necrophage (D:3)
  2 ogres
  3 centaurs
  A bullfrog (D:6)
  A water moccasin skeleton (D:7)
  Dowan (D:6)
  A howler monkey (D:4)
  2 crimson imps
  A bullfrog zombie (D:6)
  A hound (D:5)
  6 jellies
  3 orc priests
  2 bullfrog skeletons
  Natasha (thrice) (D:3)
  3 iguanas
  5 worker ants
  2 hound zombies
  2 hound skeletons
  A worker ant zombie (D:7)
  11 adders
  A river rat (D:4)
  3 shadow imps
  2 oozes (D:4)
  An adder zombie (D:6)
  An adder skeleton (D:7)
  3 worms
  4 dart slugs
  4 leopard geckos
  14 orcs
  9 bats
  7 giant cockroaches
  6 goblins
  8 hobgoblins
  2 quokkas
  3 ball pythons
  9 frilled lizards
  3 kobolds
  A leopard gecko skeleton (D:6)
  A quokka skeleton (D:6)
  5 rats
143 creatures vanquished.

Vanquished Creatures (others)
  An adder (D:2)
  A bush (D:6)
2 creatures vanquished.

Grand Total: 145 creatures vanquished

Notes
Turn   | Place    | Note
-------+----------+-------------------------------------------
     0 | D:1      | Azzok the Centaur Fighter began the quest for the Orb.
     0 | D:1      | Reached XP level 1. HP: 19/19 MP: 1/1
   178 | D:1      | Reached XP level 2. HP: 24/26 MP: 2/2
   577 | D:1      | HP: 1/26 [hobgoblin/club (1)]
   996 | D:1      | Reached XP level 3. HP: 31/31 MP: 3/3
  1608 | D:2      | Found a snail-covered altar of Cheibriados.
  1879 | D:2      | Reached skill level 4 in Fighting
  1879 | D:2      | Reached XP level 4. HP: 40/40 MP: 4/4
  1959 | D:2      | Found a glowing golden altar of the Shining One.
  1959 | D:2      | Found an iron altar of Okawaru.
  1963 | D:2      | Became a worshipper of Warmaster Okawaru
  2347 | D:3      | Noticed Natasha
  2349 | D:3      | Noticed a necrophage
  2368 | D:3      | Killed Natasha
  2387 | D:3      | Killed a necrophage
  2387 | D:3      | Reached skill level 5 in Fighting
  2387 | D:3      | Reached XP level 5. HP: 12/47 MP: 5/5
  2529 | D:3      | Noticed Natasha
  2630 | D:3      | Killed Natasha
  2774 | D:3      | Noticed Natasha
  2783 | D:3      | Killed Natasha
  2783 | D:3      | Reached skill level 6 in Fighting
  2888 | D:3      | Found a stormy altar of Qazlal.
  2894 | D:3      | Found a hazy altar of Hepliaklqana.
  2982 | D:3      | Reached XP level 6. HP: 48/55 MP: 6/6
  3249 | D:3      | Found a deep blue altar of Sif Muna.
  3252 | D:3      | Found a blossoming altar of Fedhas.
  3254 | D:3      | Found a burning altar of Makhleb.
  3683 | D:4      | Noticed Grinder
  3713 | D:4      | Paralysed by Grinder for 5 turns
  3728 | D:4      | Paralysed by Grinder for 7 turns
  3747 | D:4      | Killed Grinder
  3747 | D:4      | Reached * piety under Okawaru
  3747 | D:4      | Reached skill level 7 in Fighting
  3937 | D:4      | Reached XP level 7. HP: 57/64 MP: 7/7
  3973 | D:4      | Reached skill level 8 in Fighting
  4142 | D:4      | Found Nienioc's Armour Shop.
  4172 | D:4      | Found a sparkling altar of Nemelex Xobeh.
  4396 | D:4      | Reached ** piety under Okawaru
  4708 | D:5      | Entered Level 5 of the Dungeon
  4879 | D:5      | Found a staircase to the Ecumenical Temple.
  5170 | D:5      | Got a twitching tin ring
  5209 | D:5      | Identified the ring of Dithmenos's Generosity {*Corrode +Inv rElec AC+1 Int+2} (You found it on level 5 of the Dungeon)
  5291 | D:5      | Reached skill level 1 in Invocations
  5322 | D:5      | Reached XP level 8. HP: 18/75 MP: 6/9
  5710 | D:5      | Reached skill level 9 in Fighting
  5765 | D:6      | Noticed Duvessa
  5765 | D:6      | Noticed Dowan
  5851 | D:6      | Reached skill level 1 in Bows
  5854 | D:6      | Killed Dowan
  5865 | D:6      | Killed Duvessa
  6160 | D:6      | Reached *** piety under Okawaru
  6628 | D:6      | Found a runed door.
  6628 | D:6      | Noticed an angel
  6630 | D:6      | Found a white marble altar of Elyvilon.
  6968 | D:7      | Reached skill level 5 in Axes
  7023 | D:7      | Noticed blackwizard's ghost (amateur TrFi)
  7039 | D:7      | Killed blackwizard's ghost
  7334 | D:7      | Found an iron altar of Okawaru.
  7476 | D:7      | Reached XP level 9. HP: 22/81 MP: 10/12
  8027 | D:7      | Reached skill level 5 in Bows
  8027 | D:7      | Reached skill level 5 in Invocations
  8046 | D:7      | Found a basalt altar of Yredelemnul.
  8599 | D:8      | Noticed a two-headed ogre
  8612 | D:8      | HP: 1/82 [two-headed ogre/giant club (7)]
  8612 | D:8      | Slain by a two-headed ogre

Skill      XL: |  1  2  3  4  5  6  7  8  9 |
---------------+----------------------------+-----
Axes           | 2 3 5 |  5.3
Fighting       | 4 5 6 7 8 9 |  9.4
Invocations    | 1 4 5 |  5.0
Bows           | 4 5 |  5.1
Armour         | |  2.1
Shields        | |  2.1

Action                   |  1- 3 |  4- 6 |  7- 9 || total
-------------------------+-------+-------+-------++-------
Melee: War axe           |   106 |    14 |   309 ||   429
       Kick              |    26 |    39 |   109 ||   174
       Dagger            |    12 |   129 |    35 ||   176
       Rapier            |       |       |     2 ||     2
Invok: Heroism           |       |       |     5 ||     5
Evoke: Wand              |       |       |     3 ||     3
  Eat: Chunk             |     2 |     6 |    10 ||    18
       Fruit             |       |       |     3 ||     3
Armor: Scale mail        |    34 |       |       ||    34
       Chain mail        |    25 |       |       ||    25
       Ice dragon scales |     7 |    63 |   144 ||   214
Dodge: Dodged            |    29 |    18 |    64 ||   111
Block: Shield            |    70 |    56 |   159 ||   285
